 Dungeon Crawl Stone Soup version 0.31-a0-960-g0fca184906 (webtiles) character file.

Game seed: 18407104761195186681

625 LorgeJukas the Trooper (level 7, -1/94 HPs)
             Began as a Black Draconian Berserker on Oct 23, 2023.
             Was a Priest of Trog.
             Succumbed to Duvessa's poison
             ... on level 5 of the Dungeon.
             The game lasted 00:16:09 (3541 turns).

LorgeJukas the Trooper (Black Draconian Berserker)  Turns: 3541, Time: 00:16:10

Health: -1/94      AC:  8    Str: 19    XL:     7   Next: 23%
Magic:  7/7        EV: 13    Int:  8    God:    Trog [***...]
Gold:   227        SH:  0    Dex: 12    Spells: 6/6 levels left

rFire   . . .        a - +1 spear (spect)
rCold   . . .        (no shield)
rNeg    . . .        (body armour unavailable)
rPois   .            (helmet restricted)
rElec   +            (no cloak)
rCorr   .            b - +0 pair of gloves
SInv    .            i - +0 pair of boots
Will    ++...        (no amulet) Stlth
                     (no ring)
HPRegen 1.35/turn    (no ring)
MPRegen 0.10/turn

%: no passive effects
@: berserking (expiring), lethally poisoned (-1 -> -22), short of breath,
strong-willed, regenerating, very quick
A: breathe lightning, AC +6, unfitting armour, electricity resistance,
cold-blooded
a: Breathe Lightning, Renounce Religion, Berserk, Trog's Hand


You were on level 5 of the Dungeon.
You worshipped Trog.
Trog was most pleased with you.
You visited 1 branch of the dungeon, and saw 5 of its levels.

You collected 227 gold pieces.

Inventory:

Hand Weapons
 a - a +1 spectral spear (weapon)
 h - a +6 sling
Armour
 b - a +0 pair of gloves (worn)
 i - a +0 pair of boots (worn)
Magical Staves
 k - a staff of cold
Scrolls
 d - a scroll of identify
 e - a scroll of poison
 g - 2 scrolls of enchant weapon
Potions
 c - a potion of curing
 f - a potion of heal wounds
 j - a potion of might


   Skills:
 + Level 6.0 Fighting
 + Level 5.3 Polearms
 + Level 4.9 Dodging


You had 6 spell levels left.
You didn't know any spells.
Your spell library contained the following spells:

 Spells                   Type           Power      Damage    Failure   Level
 Apportation              Tloc           0%         N/A       41%         1
 Jinxbite                 Hex            0%         N/A       54%         2
 Alistair's Intoxication  Tmut/Pois      0%         N/A       100%        5


Dungeon Overview and Level Annotations

Branches:
Dungeon (5/15)             Temple (0/1) D:5

Altars:
Qazlal
Uskayaw

Annotations:
D:5 Duvessa


Innate Abilities, Weirdness & Mutations

You can breathe wild blasts of lightning.
Your glossy black scales are hard. (AC +6)
You cannot fit into any form of body armour.
You are resistant to electric shocks. (rElec)
You are cold-blooded and may be slowed by cold attacks.


Message History

Your +1 spectral spear disappears.
You feel very sick. Duvessa hits you but does no damage.
You are more poisoned.
Activating: Breathe Lightning (5% risk of failure)
Press: ? - help, Dir - look around, f - activate You breathe a wild blast of lightning!
The orb of electricity explodes!
The orb of electricity engulfs you! You resist.
The orb of electricity engulfs Duvessa.
Duvessa is lightly wounded.
The orb of electricity engulfs something!!
Trog accepts your kill.
Trog appreciates your killing of a magic user.
Reactivating autopickup.
You feel a bit more experienced.
The bolt of lightning hits Duvessa.
Duvessa is moderately wounded.
You feel very sick.
You hear a shout!
Duvessa completely misses you. Duvessa misses you.
A red film seems to cover your vision as you go berserk!
You feel yourself moving faster!
You feel mighty!
You feel very sick.
Duvessa hits you with a +0 short sword of venom!
* * * LOW HITPOINT WARNING * * *
You are more poisoned.
You puncture Duvessa!
Duvessa is moderately wounded.
Your +1 spectral spear hits Duvessa from afar.
You feel very sick.
Duvessa hits you with a +0 short sword of venom!
* * * LOW HITPOINT WARNING * * *
You are more poisoned.
You swap places.
Your +1 spectral spear disappears.
* * * LOW HITPOINT WARNING * * *
You feel extremely sick.
You feel a strong urge to attack something.
* * * LOW HITPOINT WARNING * * *
You feel extremely sick.
You die...

........
.............
#.....#
.####.[...>
#....####.#
#.#####
#.........# #.#
#
#...#########.#
#
##............#
#
#.############
# .. #.# # .>
#@# # .# #.#
##. .# #e#
#.#.#. #.#
....##.#
..#.#.#.#)#
......).).#
...#.#.##.# ...
#...


You could see Duvessa (berserk, fast).

Vanquished Creatures
  The ghost of Pascal76 the Chopper, an amateur OpGl (D:4)
  A black bear (D:5)
  Dowan (D:5)
  3 orc priests
  2 orc wizards
  Robin (D:3)
  4 adders
  An ufetubus (D:5)
  A worm (D:4)
  20 orcs
  3 ball pythons
  6 endoplasms
  2 giant cockroaches
  18 goblins
  6 hobgoblins
  6 jackals
  2 quokkas
  5 bats
  4 frilled lizards
  6 kobolds
  5 rats
  2 butterflies (D:5)
100 creatures vanquished.

Notes
Turn   | Place    | Note
-------+----------+-------------------------------------------
     0 | D:1      | LorgeJukas the Draconian Berserker began the quest for the
                  | Orb.
     0 | D:1      | Reached XP level 1. HP: 19/19 MP: 1/1
   488 | D:1      | Reached XP level 2. HP: 26/26 MP: 2/2
   938 | D:2      | Found a faded altar of an unknown god.
  1313 | D:2      | Reached ** piety under Trog
  1676 | D:3      | Reached XP level 3. HP: 33/33 MP: 3/3
  1769 | D:3      | Found a stormy altar of Qazlal.
  1770 | D:3      | Found a hide-covered altar of Uskayaw.
  1842 | D:3      | Reached skill level 4 in Fighting
  1853 | D:3      | Noticed Robin
  1871 | D:3      | Killed Robin
  1872 | D:3      | Reached XP level 4. HP: 40/40 MP: 4/4
  2470 | D:4      | Found a runed translucent gate.
  2470 | D:4      | Found a runed translucent gate.
  2470 | D:4      | Found a runed translucent gate.
  2474 | D:4      | Noticed Pascal76's ghost (amateur OpGl)
  2535 | D:4      | Reached XP level 5. HP: 35/47 MP: 5/5
  2710 | D:4      | Reached *** piety under Trog
  2724 | D:4      | HP: 3/70 [orc/+0 trident (8)]
  3236 | D:4      | Killed Pascal76's ghost
  3237 | D:4      | Reached skill level 5 in Fighting
  3237 | D:4      | Reached XP level 6. HP: 56/56 MP: 6/6
  3364 | D:5      | Entered Level 5 of the Dungeon
  3386 | D:5      | Found a staircase to the Ecumenical Temple.
  3470 | D:5      | Reached skill level 5 in Polearms
  3470 | D:5      | Your scales start taking on a glossy black colour.
  3470 | D:5      | Reached XP level 7. HP: 58/62 MP: 7/7
  3470 | D:5      | Gained mutation: You are resistant to electric shocks.
                  | (rElec) [Black Draconian growth]
  3477 | D:5      | Noticed Dowan
  3522 | D:5      | Noticed Duvessa
  3526 | D:5      | Killed Dowan
  3527 | D:5      | Reached skill level 6 in Fighting
  3540 | D:5      | HP: 3/94 [poisoned by Duvessa]
  3541 | D:5      | Succumbed to Duvessa's poison

Illustrated notes

Levels and vault maps discovered:
D:1:      lightli_molten_gateway, layout_loops_cross
D:2:      layout_basic, nicolae_ecumenical_pavilion
D:3:      layout_basic, nicolae_overflow_squiral, uniq_robin
D:4:      layout_basic, biasface_ghost_orc_armoury
D:5:      layout_loops_ring, jmf_multi_god_temple2,
          minmay_temple_entry_butterflies, hex_tiny, uniq_prince_ribbit1,
          uniq_crazy_yiuf_cottage, uniq_menkaure, uniq_duvessa

Skill      XL: |  1  2  3  4  5  6  7 |
---------------+----------------------+-----
Dodging        | 3 4 |  4.9
Fighting       | 4 5 6 |  6.0
Polearms       | 4 5 |  5.3

Action                     |  1- 3 |  4- 6 |  7- 9 || total
---------------------------+-------+-------+-------++-------
  Melee: Spear             |   112 |   148 |    28 ||   288
         Tailslap          |     9 |    10 |     3 ||    22
         Punch             |       |     1 |       ||     1
 Invoke: Berserk           |     1 |     2 |     1 ||     4
         Trog's Hand       |       |     3 |     1 ||     4
Ability: Breathe Lightning |       |       |     1 ||     1
    Use: Scroll            |     8 |     3 |       ||    11
         Potion            |     8 |     1 |       ||     9
   Stab: Distracted        |       |     1 |       ||     1
 Armour: Skin              |    44 |    89 |    19 ||   152
  Dodge: Dodged            |    61 |   112 |    16 ||   189

Table legend: (Time is in decaauts)
 A = Elapsed time spent in this place.
 B = Non-inter-level travel time spent in this place.
 C = Inter-level travel time spent in this place.
 D = Time resting spent in this place.
 E = Time spent auto-exploring this place.
 F = Levels seen in this place.
 G = Mean time per level.
                   A        B        C        D        E       F      G
               +--------+--------+--------+--------+--------+-----+--------+
         Total |   3536 |   3536 |      0 |    549 |   1289 |   5 |  707.2 |
       Dungeon |   3536 |   3536 |      0 |    549 |   1289 |   5 |  707.2 |
               +--------+--------+--------+--------+--------+-----+--------+

Top non-repeatable levels by time:
     D:4: 1143 daAuts
     D:1: 950 daAuts
     D:2: 686 daAuts
     D:3: 588 daAuts
     D:5: 168 daAuts
